 Dungeon Crawl Stone Soup version 0.24-a0-365-ga4d96b6e6e (webtiles) character file.

Game seed: 2403493086557146609

47 mopl the Changer (level 3, -2/17 HPs)
             Began as a Spriggan Transmuter on May 27, 2019.
             Slain by Sigmund
             ... wielding a +0 scythe
              (11 damage)
             ... on level 2 of the Dungeon.
             The game lasted 00:02:47 (1568 turns).

mopl the Changer (Spriggan Transmuter)              Turns: 1568, Time: 00:02:48

Health: -2/17      AC:  2    Str:  7    XL:     3   Next: 48%
Magic:  1/8        EV: 18    Int: 14    God:
Gold:   83         SH:  0    Dex: 16    Spells: 2/8 levels left

rFire    . . .     SeeInvis +   g - +2 dagger (drain)
rCold    . . .     Gourm    .   (shield restricted)
rNeg     . . .     Faith    .   b - +0 robe
rPois    .         Spirit   .   (helmet restricted)
rElec    .         Reflect  .   (no cloak)
rCorr    .         Harm     .   (gloves unavailable)
MR       .....                  (boots unavailable)
Stlth    +.........             (no amulet)
HPRegen  0.05/turn              (no ring)
MPRegen  0.11/turn              (no ring)

@: very quick
A: very small, unfitting armour, see invisible, herbivore, speed 3, slow
metabolism 2
a: no special abilities


You were on level 2 of the Dungeon.
You were not hungry.

You visited 1 branch of the dungeon, and saw 2 of its levels.

You collected 83 gold pieces.

Inventory:

Hand Weapons
 g - a +2 dagger of draining (weapon)
 i - a +0 hunting sling
Missiles
 a - 25 arrows
 c - 19 sling bullets
 e - 54 stones (quivered)
 j - 15 poisoned darts
Armour
 b - a +0 robe (worn)
Wands
 n - a wand of disintegration (18)
Scrolls
 h - a scroll of fog {unknown}
 l - a scroll of enchant armour {unknown}
 m - a scroll of magic mapping {unknown}
Potions
 f - a potion of might {unknown}
 k - a potion of heal wounds {unknown}
Comestibles
 d - 2 rations


   Skills:
 - Level 0.7 Fighting
 - Level 3.0 Dodging
 * Level 3.1 Unarmed Combat
 + Level 3.3 Spellcasting
 + Level 3.4 Transmutations
 + Level 0.2 Poison Magic


You had 2 spell levels left.
You knew the following spells:

 Your Spells              Type           Power        Failure   Level  Hunger
a - Beastly Appendage     Tmut           ##....       4%          1    #......
b - Spider Form           Tmut/Pois      #.........   28%         3    ###....
w - Sticks to Snakes      Tmut           ##......     8%          2    ##.....

Your spell library contained the following spells:

 Spells                   Type           Power        Failure   Level  Hunger
 Ice Form                 Ice/Tmut       #.......     71%         4    #####..
 Blade Hands              Tmut           ##........   80%         5    ######.


Dungeon Overview and Level Annotations

Branches:
Dungeon (2/15)

Altars:

Annotations:
D:2 Sigmund


Innate Abilities, Weirdness & Mutations

You are very small and have problems with some larger weapons.
You are too small for most types of armour.
You have supernaturally acute eyesight. (SInv)
You are a herbivore.
You cover ground extremely quickly.
You need to consume almost no food.


Message History

r - Retreat! s - Stop attacking. g - Guard the area. f - Follow me.
Anything else - Cancel.
Gang up on whom?
Press: ? - help, Dir - move target cursor, f/p - Sigmund
Aim: Sigmund, wielding a +0 scythe and wearing a +0 robe (slightly transparent) Attack!
Sigmund gestures at you while chanting.
The puff of flame hits your ball python!
Your ball python dies!
You swap places.
Sigmund misses you.
You hit Sigmund.
Sigmund is lightly wounded.
Sigmund points at you and mumbles some strange words.
The magic dart hits you!
You completely miss Sigmund.
Sigmund is lightly wounded.
Sigmund hits you with a +0 scythe!
Ouch! That really hurt!
You die...

....#.#8.#.#).'.'..#.#..+.+..#
#####.####.####.####.####.####
#........................
######################### ####
#.#.##.# ...# # #....#.# ##.##
#.##......# ....#
#...SS....### ##..#
####S@....... ##..# #@>..#####
....# #........
###.###########.#.......
........@...S...########
###.............#
###############


You could see Sigmund (invisible), a friendly water moccasin, a friendly adder
and a friendly ball python.

Vanquished Creatures
  2 adders (D:2)
  An ooze (D:1)
  2 dart slugs (D:1)
  A ball python (D:1)
  5 bats
  4 hobgoblins
  A kobold (D:1)
  2 frilled lizards (D:1)
  3 rats
21 creatures vanquished.

Notes
Turn   | Place    | Note
-------+----------+-------------------------------------------
     0 | D:1      | mopl the Spriggan Transmuter began the quest for the Orb.
     0 | D:1      | Reached XP level 1. HP: 9/9 MP: 5/5
   686 | D:1      | Reached skill level 3 in Spellcasting
   686 | D:1      | Reached skill level 3 in Transmutations
   686 | D:1      | Reached XP level 2. HP: 14/14 MP: 7/7
   690 | D:1      | Learned a level 2 spell: Sticks to Snakes
  1187 | D:2      | Reached skill level 3 in Unarmed Combat
  1187 | D:2      | Reached XP level 3. HP: 17/17 MP: 8/8
  1194 | D:2      | Learned a level 3 spell: Spider Form
  1378 | D:2      | Noticed Sigmund
  1568 | D:2      | Slain by Sigmund

Levels and vault maps discovered:
D:1:      lightli_arrival_maybe_door_vault, layout_basic
D:2:      minmay_door_path, layout_loops_ring, lemuel_doored_altar,
          nicolae_overflow_crystal_walls, uniq_sigmund

Skill      XL: |  1  2 |
---------------+-------+-----
Spellcasting   | 3 |  3.3
Transmutations | 3 |  3.4
Unarmed Combat | 3 |  3.1
Fighting       | |  0.7
Dodging        | |  3.0
Poison Magic   | |  0.2

Action                   || total
-------------------------++-------
Melee: Dagger            ||    53
       Unarmed           ||     3
       Kick              ||     1
 Cast: Beastly Appendage ||     2
       Sticks to Snakes  ||     5
 Stab: Sleeping          ||     4
Armor: Robe              ||     6
Dodge: Dodged            ||    35

Table legend:
 A = Non-vault XP
 B = Vault XP
 C = Vault XP percentage of total XP
 D = Non-vault monster count
 E = Vault monster count
 F = Vault count percentage of total count
                 A         B        C        D         E       F
            +---------+---------+-------+---------+---------+-------
      Total |      61 |       7 |  10.3 |      17 |       4 |  19.0
            +---------+---------+-------+---------+---------+-------
        D:1 |      33 |       0 |   0.0 |      14 |       0 |   0.0
        D:2 |      28 |       7 |  20.0 |       3 |       4 |  57.1
            +---------+---------+-------+---------+---------+-------
